 Dungeon Crawl Stone Soup version 0.23-a0-488-g5fd82c5 (webtiles) character file.

1667 JeffiDaFish the Reanimator (level 8, -3/41 HPs)
             Began as a Deep Elf Necromancer on Dec 2, 2018.
             Was a Follower of Sif Muna.
             Slain by a hippogriff (11 damage)
             ... on level 8 of the Dungeon.
             The game lasted 00:23:31 (8269 turns).

JeffiDaFish the Reanimator (Deep Elf Necromancer)   Turns: 8269, Time: 00:23:32

Health: -3/41      AC:  4    Str:  6    XL:     8   Next: 69%
Magic:  1/20       EV: 14    Int: 24    God:    Sif Muna [*.....]
Gold:   103        SH:  0    Dex: 15    Spells: 10/21 levels left

rFire    . . .     SeeInvis +   d - +3 dagger (venom)
rCold    . . .     Gourm    .   (no shield)
rNeg     . . .     Faith    .   a - +0 robe
rPois    .         Spirit   .   e - +0 hat
rElec    .         Reflect  .   (no cloak)
rCorr    .         Harm     .   b - +1 pair of gloves
MR       .....                  (no boots)
Stlth    ++........             (no amulet)
HPRegen  0.13/turn              g - ring of see invisible
MPRegen  0.17/turn              n - +2 ring of intelligence

@: very slightly contaminated, heavily drained, divine energy
A: no striking features
a: Stop Divine Energy, Renounce Religion


You were on level 8 of the Dungeon.
You worshipped Sif Muna.
Sif Muna was aware of your devotion.
You were not hungry.

You visited 2 branches of the dungeon, and saw 9 of its levels.

You collected 298 gold pieces.
You spent 195 gold pieces at shops.

Inventory:

Hand Weapons
 d - a +3 dagger of venom (weapon)
Armour
 a - a +0 robe (worn)
 b - a +1 pair of gloves (worn)
 e - a +0 hat (worn)
Jewellery
 f - an uncursed ring of resist corrosion
 g - a ring of see invisible (left hand)
 n - a +2 ring of intelligence (right hand)
Wands
 j - a wand of flame (23)
Scrolls
 h - a scroll of fear
 i - a scroll of enchant armour
 k - 3 scrolls of remove curse
 l - a scroll of identify
Potions
 o - a potion of flight
Comestibles
 c - 21 rations
 m - 4 chunks of flesh


   Skills:
 + Level 4.4(2.2) Short Blades
 + Level 6.3(4.0) Dodging
 - Level 3.0(0.9) Stealth
 + Level 7.0(4.7) Spellcasting
 * Level 9.7(7.2) Necromancy


You had 10 spell levels left.
You knew the following spells:

 Your Spells              Type           Power        Failure   Level  Hunger
a - Pain                  Necr           ####         1%          1    None
b - Vampiric Draining     Necr           #####.....   1%          3    ##.....
c - Regeneration          Chrm/Necr      ###.......   6%          3    ##.....
d - Animate Dead          Necr           N/A          4%          4    ####...

Your spell library contained the following spells:

 Spells                   Type           Power        Failure   Level  Hunger
 Animate Skeleton         Necr           N/A          1%          1    None


Dungeon Overview and Level Annotations

Branches:
Dungeon (8/15)             Temple (1/1) D:6
   Lair: D:8-11

Altars:
Cheibriados
Dithmenos
Elyvilon
Fedhas
Gozag
Hepliaklqana
Kikubaaqudgha
Nemelex Xobeh
Okawaru
Qazlal
Ru
Sif Muna
Uskayaw
Vehumet
Wu Jian
Xom
Yredelemnul
Zin
The Shining One

Shops:
D:6 *

Annotations:
D:5 3 runed doors, DogShitOnMyToe's ghost, novice DECj


Message History

You feel life coursing into your body.
The centaur shoots an arrow.
The arrow closely misses you. The hippogriff bites you.
* * * LOW HITPOINT WARNING * * *
The hippogriff pecks you but does no damage.
The hippogriff barely misses you.
You hit the hippogriff.
The hippogriff looks as sick as possible!
The hippogriff is moderately wounded.
The centaur shoots an arrow.
The arrow hits you.
* * * LOW HITPOINT WARNING * * *
The hippogriff barely misses you.
The hippogriff pecks you but does no damage.
The hippogriff barely misses you.
The centaur shoots an arrow.
The arrow barely misses you.
You hit the hippogriff.
The hippogriff looks as sick as possible!
The hippogriff is moderately wounded.
The crimson imp hits you but does no damage.
The hippogriff bites you!
You die...

.. ##... ##...
########......###)...
###≈≈≈≈≈##..#....[.).<.
##.#≈.≈.≈##.##......#...
....≈≈_≈≈.......######).
#...≈≈≈..(.......###..#
#.................##...
##.....5...†.......##...
.....HH@...........#...#
..............?.........
....................##..
.............%......##..
...c................#...
...##.###...........##..
.###.. #...............
#). #.....>.........#
#...............#


You could see 2 hippogriffs, a centaur and a crimson imp.

Vanquished Creatures
  Edmund (D:4)
  An orc warrior (D:8)
  3 ogres
  2 centaurs (D:7)
  2 bullfrogs
  A gnoll sergeant (D:6)
  A scorpion (D:7)
  2 wights (D:7)
  3 hounds
  3 bullfrog skeletons
  An orc priest (D:8)
  A centaur skeleton (D:7)
  2 iguanas
  4 worker ants
  Robin (D:3)
  9 gnolls
  8 adders
  3 oozes
  2 adder skeletons
  2 worms
  A dart slug (D:3)
  3 leopard geckos
  14 orcs
  7 bats
  16 giant cockroaches
  15 goblins
  14 hobgoblins
  17 jackals
  A quokka (D:7)
  A ball python (D:6)
  3 frilled lizards
  A jackal skeleton (D:4)
  9 kobolds
  7 rats
161 creatures vanquished.

Notes
Turn   | Place    | Note
-------+----------+-------------------------------------------
     0 | D:1      | JeffiDaFish the Deep Elf Necromancer began the quest for
                  | the Orb.
     0 | D:1      | Reached XP level 1. HP: 10/10 MP: 6/6
   127 | D:1      | Reached skill level 5 in Necromancy
   135 | D:1      | Reached XP level 2. HP: 12/15 MP: 8/8
   484 | D:1      | Reached XP level 3. HP: 9/19 MP: 2/9
  1447 | D:2      | Learned a level 3 spell: Vampiric Draining
  2004 | D:2      | Reached XP level 4. HP: 18/24 MP: 4/11
  2223 | D:2      | Reached skill level 1 in Short Blades
  2379 | D:3      | Reached skill level 6 in Necromancy
  2845 | D:3      | Noticed Robin
  2852 | D:3      | Killed Robin
  2852 | D:3      | Reached XP level 5. HP: 15/28 MP: 3/13
  4272 | D:3      | Learned a level 3 spell: Regeneration
  4513 | D:4      | Noticed Edmund
  4526 | D:4      | Killed Edmund
  4526 | D:4      | Reached skill level 7 in Necromancy
  4526 | D:4      | Reached XP level 6. HP: 18/32 MP: 0/15
  4849 | D:4      | Found a sparkling altar of Nemelex Xobeh.
  5049 | D:5      | Entered Level 5 of the Dungeon
  5343 | D:5      | Reached skill level 5 in Spellcasting
  5345 | D:5      | Found a runed gate.
  5346 | D:5      | Found an opulent altar of Gozag.
  5347 | D:5      | Found a runed gate.
  5347 | D:5      | Found a runed gate.
  5347 | D:5      | Noticed DogShitOnMyToe's ghost (novice DECj)
  5826 | D:6      | Found a staircase to the Ecumenical Temple.
  5840 | D:6      | Reached XP level 7. HP: 24/36 MP: 10/16
  5846 | Temple   | Entered the Ecumenical Temple
  5854 | Temple   | Became a worshipper of Sif Muna the Loreminder
  5939 | D:6      | Found a white marble altar of Elyvilon.
  6132 | D:6      | Found Faud's Assorted Antiques.
  6144 | D:6      | Bought a scroll of blinking for 195 gold pieces
  6489 | D:6      | Reached skill level 5 in Dodging
  6489 | D:6      | Reached skill level 8 in Necromancy
  7010 | D:7      | Reached XP level 8. HP: 38/41 MP: 14/19
  7019 | D:7      | Learned a level 4 spell: Animate Dead
  7116 | D:7      | Reached skill level 9 in Necromancy
  7151 | D:7      | Reached * piety under Sif Muna
  8244 | D:8      | Found a deep blue altar of Sif Muna.
  8261 | D:8      | Noticed a hippogriff
  8264 | D:8      | Noticed a hippogriff
  8269 | D:8      | Slain by a hippogriff

Vault maps used:
D:1:      lemuel_arrival_room, minivault_24, hex_tiny
D:2:      serial_bayou_pond_b
D:3:      minmay_roachtagon, uniq_robin
D:4:      first_ration, minmay_misc_feat_nine_boxes, nemelex_dance_club_becter,
          uniq_edmund
D:5:      ebering_ghost_gozag
D:6:      elyvilon_altar_5, minmay_temple_entry_junction, serial_shops,
          nicolae_shop_statue_plus
D:7:      grunt_ogre_cave
D:8:      hangedman_feature_mirror, uniq_gastronok
Temple:   nicolae_temple_no_exploring_needed

Skill      XL: |  1  2  3  4  5  6  7  8 |
---------------+-------------------------+-----
Necromancy     | 5 6 7 8 9 |  9.7
Stealth        | 3 |  3.0
Dodging        | 3 4 5 6 |  6.3
Short Blades   | 1 2 3 4 |  4.4
Spellcasting   | 4 5 6 7 |  7.0

Action                   |  1- 3 |  4- 6 |  7- 9 || total
-------------------------+-------+-------+-------++-------
Melee: Dagger            |    61 |   212 |   153 ||   426
 Cast: Pain              |    26 |    35 |    42 ||   103
       Vampiric Draining |     4 |    20 |    18 ||    42
       Regeneration      |       |     2 |    11 ||    13
       Animate Dead      |       |       |     1 ||     1
Invok: Divine Energy     |       |       |     1 ||     1
Evoke: Wand              |       |       |     1 ||     1
  Use: Potion            |     3 |     7 |     3 ||    13
       Scroll            |     1 |    10 |     4 ||    15
 Stab: Sleeping          |     3 |     2 |     8 ||    13
  Eat: Chunk             |     3 |    14 |     6 ||    23
       Ration            |       |       |     1 ||     1
Armor: Robe              |    19 |    33 |    17 ||    69
Dodge: Dodged            |    46 |   170 |   120 ||   336

Table legend:
 A = Non-vault XP
 B = Vault XP
 C = Vault XP percentage of total XP
 D = Non-vault monster count
 E = Vault monster count
 F = Vault count percentage of total count
                 A         B        C        D         E       F
            +---------+---------+-------+---------+---------+-------
      Total |    1927 |     455 |  19.1 |     129 |      32 |  19.9
            +---------+---------+-------+---------+---------+-------
        D:1 |      52 |       0 |   0.0 |      26 |       0 |   0.0
        D:2 |      90 |       7 |   7.2 |      18 |       2 |  10.0
        D:3 |      68 |      62 |  47.7 |      28 |      25 |  47.2
        D:4 |      61 |     180 |  74.7 |      14 |       3 |  17.6
        D:5 |     205 |       0 |   0.0 |       9 |       0 |   0.0
        D:6 |     452 |       0 |   0.0 |      15 |       0 |   0.0
        D:7 |     767 |     116 |  13.1 |      14 |       1 |   6.7
        D:8 |     232 |      90 |  28.0 |       5 |       1 |  16.7
            +---------+---------+-------+---------+---------+-------
